Description

this is a timing build made by scarlet, she says its poop, but lowko liked it enough to perfect it

VOD

https://www.youtube.com/watch?v=OYOMelAU9LU&t=614s

Build Order

Get SALT Encoding   

  12  0:00  Drone  
  13  0:12  Overlord  
  13  0:17  Drone  
  14  0:30  Drone x3  
  17  0:51  Drone  
  17  0:55  Hatchery  
  17  0:59  Drone  
  17  1:02  Extractor  
  17  1:15  Spawning Pool  
  17  1:18  Drone x2  
  18  1:28  Drone  
  19  1:38  Overlord  
  19  1:50  Drone  
  20  2:00  Drone  
  21  2:01  Metabolic Boost  pull gas
  21  2:02  Queen  
  23  2:09  Zergling x4  
  23  2:10  Queen  
  27  2:18  Drone x2  
  29  2:28  Drone x2  
  31  2:38  Queen  queue up before 1st queen finishes then walk 1st queen to nat
  31  2:40  Drone  
  31  2:43  Overlord  
  34  2:50  Drone  
  34  2:55  Hatchery  
  36  3:14  Drone x7  reload gas after this batch of drones
  36  3:18  Zergling x4  
  43  3:20  Drone  
  43  3:24  Overlord  
  43  3:27  Lair  as soon as you get enough gas
  43  3:32  Extractor, Drone  
  44  3:35  Spore Crawler  main
  44  3:37  Extractor  
  44  3:49  Drone x6  
  44  3:53  Spore Crawler  nat
  48  3:56  Extractor x2  
  49  4:18  Drone x5  
  49  4:19  Overlord  
  51  4:28  Drone x6  
  54  4:33  Zergling x2  
  54  4:38  Drone x3  
  57  4:44  Hydralisk Den  
  57  4:47  Extractor  
  57  4:51  Drone x3  
  59  5:11  Spore Crawler  3rd
  59  5:13  Muscular Augments  as soon as hydra den finishes
  58  5:14  Hydralisk  Mass hydras push when upgrade is finished. take 4th/gold and drone up to 75-80 if push fails
  1  6:00  Hydralisk  Mass hydras push when upgrade is finished. take 4th/gold and drone up to 75-80 if push fails
Spawning Tool Build Advisor. Get it on Overwolf

Go to:

Details

  • Created by: evldmon
  • Published on: Dec 15, 2017
  • Modified on: Dec 15, 2017
  • Patch: 4.0.0
Show
View Real Time Build Order
Export as new Build Order

Comments (0)

There are no comments. Be the first!

Create an account to comment!